 Dungeon Crawl Stone Soup version 0.26-a0-651-gb41185065b (webtiles) character file.

Game seed: 10122171990366693652

178302 Arthanis the Severer (level 17, -21/174 HPs)
             Began as a Gargoyle Berserker on Oct 10, 2020.
             Was the Champion of Trog.
             Demolished by a wolf spider (22 damage)
             ... on level 3 of the Spider Nest.
             The game lasted 00:52:39 (31753 turns).

Arthanis the Severer (Gargoyle Berserker)          Turns: 31753, Time: 00:52:39

Health: -21/174    AC: 39    Str: 21    XL:     17   Next: 87%
Magic:  17/17      EV:  9    Int: 15    God:    Trog [******]
Gold:   3223       SH: 21    Dex: 15    Spells: 16/16 levels left

rFire    . . .     SeeInvis +   a - +1 broad axe (elec)
rCold    . . .     Faith    .   N - +2 tower shield
rNeg     + + .     Spirit   .   t - +0 plate armour
rPois    ∞         Reflect  +   I - +0 helmet of Modesty {MR+ Dex+4 Slay+2}
rElec    +         Harm     .   g - +2 cloak {MR+}
rCorr    .         Rampage  .   u - +0 pair of gloves
MR       +++++                  D - +4 pair of boots of the Centipede {rN+ MR++ Dex-4 SInv}
Stlth    ..........             i - amulet of reflection
HPRegen  1.39/turn              T - +4 ring of evasion
MPRegen  0.15/turn              Z - +6 ring of dexterity

@: berserking, flying, regenerating, very quick
A: big wings, negative energy resistance 1, electricity resistance, unbreathing,
petrification resistance, rot immunity, AC +12
}: 1/15 runes: decaying
a: Stop Flying, Berserk, Trog's Hand, Brothers in Arms, Renounce Religion


You were on level 3 of the Spider Nest.
You worshipped Trog.
Trog was exalted by your worship.
You visited 5 branches of the dungeon, and saw 30 of its levels.
You also visited: Bailey and Ice Cave.

You collected 4458 gold pieces.
You spent 1235 gold pieces at shops.

Inventory:

Hand Weapons
 a - a +1 broad axe of electrocution (weapon)
 b - a +2 war axe of flaming
 y - a +1 executioner's axe of electrocution
 M - a +2 broad axe of venom
 U - a +3 antimagic war axe
Missiles
 p - 2 throwing nets (quivered)
Armour
 g - a +2 cloak of magic resistance (worn)
 t - a +0 plate armour (worn)
 u - a +0 pair of gloves (worn)
 D - the +4 pair of boots of the Centipede (worn) {rN+ MR++ Dex-4 SInv}
   (You found it on level 6 of the Lair of Beasts)

   It affects your dexterity (-4).
   It protects you from negative energy.
   It affects your resistance to hostile enchantments.
   It lets you see invisible.
 I - the +0 helmet of Modesty (worn) {MR+ Dex+4 Slay+2}
   (You found it on level 8 of the Dungeon)

   It affects your dexterity (+4).
   It affects your accuracy and damage with ranged weapons and melee attacks
   (+2).
   It affects your resistance to hostile enchantments.
 N - a +2 tower shield (worn)
Jewellery
 i - an amulet of reflection (around neck)
 m - an uncursed ring of see invisible
 r - an uncursed ring of resist corrosion
 T - a +4 ring of evasion (left hand)
 Z - a +6 ring of dexterity (right hand)
Wands
 e - a wand of iceblast (4)
 w - a wand of digging (6)
 A - a wand of flame (37)
 G - a wand of acid (42)
 P - a wand of paralysis (11)
Scrolls
 c - 5 scrolls of identify
 d - a scroll of enchant weapon
 f - 7 scrolls of magic mapping
 j - 17 scrolls of remove curse
 k - 8 scrolls of fear
 n - 5 scrolls of blinking
 x - 3 scrolls of holy word
 z - 16 scrolls of teleportation
 B - 5 scrolls of enchant armour
 C - a scroll of summoning
 H - 6 scrolls of vulnerability
 Q - 3 scrolls of fog
 R - 3 scrolls of immolation
Potions
 h - 3 potions of haste
 l - 6 potions of brilliance
 o - 4 potions of might
 q - 2 potions of invisibility
 s - 16 potions of curing
 v - 5 potions of cancellation
 F - 4 potions of mutation
 J - 2 potions of resistance
 K - 11 potions of heal wounds
 O - 6 potions of lignification
 S - 3 potions of magic
 W - a potion of ambrosia
 X - a potion of stabbing
 Y - 3 potions of berserk rage
Miscellaneous
 V - a lightning rod (4/4)


   Skills:
 + Level 16.7 Fighting
 * Level 19.2 Axes
 - Level 10.1 Armour
 - Level 6.1 Dodging
 - Level 4.0 Shields
 + Level 11.2 Evocations


You had 16 spell levels left.
You didn't know any spells.
Your spell library contained the following spells:

 Spells                   Type           Power        Failure   Level
 Corona                   Hex            #......      100%        1
 Sandblast                Erth           #.....       100%        1
 Shock                    Conj/Air       #...         100%        1
 Passwall                 Tmut/Erth      #.......     100%        2
 Slow                     Hex            #.......     100%        2
 Swiftness                Air            #.......     100%        2
 Confusing Touch          Hex            #.......     100%        3
 Gell's Gravitas          Tloc           #.........   100%        3
 Ignite Poison            Fire/Tmut/Pois #.......     100%        3
 Inner Flame              Hex/Fire       #.......     100%        3
 Portal Projectile        Hex/Tloc       #.....       100%        3
 Static Discharge         Conj/Air       #.......     100%        3
 Stone Arrow              Conj/Erth      #.....       100%        3
 Airstrike                Air            #.........   100%        4
 Cause Fear               Hex            #.........   100%        4
 Leda's Liquefaction      Hex/Erth       #.........   100%        4
 Petrify                  Tmut/Erth      #.......     100%        4
 Alistair's Intoxication  Tmut/Pois      #........    100%        5
 Borgnjor's Vile Clutch   Necr/Erth      #.........   100%        5
 Irradiate                Conj/Tmut      #.........   100%        5
 Lee's Rapid Deconstruct  Erth           #.........   100%        5
 Lightning Bolt           Conj/Air       #.........   100%        5
 Metabolic Englaciation   Hex/Ice        #.........   100%        5
 Yara's Violent Unravell  Hex/Tmut       #.........   100%        5
 Eringya's Noxious Bog    Tmut/Pois      #.........   100%        6
 Iron Shot                Conj/Erth      #.........   100%        6
 Sublimation of Blood     Necr           Unusable     N/A         2
 Statue Form              Tmut/Erth      Unusable     N/A         6

Dungeon Overview and Level Annotations

Branches:
Dungeon (15/15)            Temple (0/1) D:5            Lair (6/6) D:8
  Swamp (4/4) Lair:2       Spider (3/4) Lair:4        Slime (0/5) Lair:6
    Orc (2/2) D:9             Elf (0/3) Orc:2        Vaults (0/5) D:13
 Depths (0/5) D:15         Bailey (visited)           IceCv (visited)

Altars:
Cheibriados
Hepliaklqana
Kikubaaqudgha
Makhleb
Okawaru
Uskayaw
Xom
Yredelemnul
The Shining One
Jiyva

Shops:
D:4 [(?   Orc:2 [?!!

Annotations:
D:10 exclusion: orange crystal statue
Spider:2 1 runed translucent door, Flugslaktarn's ghost, journeyman DDFi


Innate Abilities, Weirdness & Mutations

You are resistant to torment.
Your stone body is resilient. (AC +12)
You are immune to poison.
Your large and strong wings let you fly indefinitely.
You resist negative energy. (rN+)
You are resistant to electric shocks. (rElec)
You can survive without breathing.
You are immune to petrification.
You are immune to rotting.


Message History

The wolf spider barely misses you. You block the wolf spider's attack.
The wolf spider hits you but does no damage.
You block the wolf spider's attack.
The wolf spider hits you but does no damage.
The wolf spider bites you but does no damage.
The wolf spider hits you but does no damage.
The wolf spider bites you.
* * * LOW HITPOINT WARNING * * *
The wolf spider hits you but does no damage.
The wolf spider bites you but does no damage.
A red film seems to cover your vision as you go berserk!
You feel yourself moving faster!
You feel mighty! The wolf spider hits you!
* * * LOW HITPOINT WARNING * * *
The wolf spider barely misses you. You block the wolf spider's attack. x2
The wolf spider hits you!
* * * LOW HITPOINT WARNING * * *
The wolf spider bites you!
* * * LOW HITPOINT WARNING * * *
The wolf spider hits you!!
You die...

.#...##..###.##......
.#^...#..#.#..#..# .##
.....##.....†...###..##
............†..........
....#....######...#....
^#..#........^....######.
##..##.#.........##.....#
##..###.....[.##.)#
#...#.....#.#.@^.#
##..#....#..#.ss##
.#...#...#y.#
#...#..#...# ...#..# ..##
#.. .#. #.. .#. #.. ###.
.


You could see 2 wolf spiders and a moth of wrath.

Vanquished Creatures
  Bai Suzhen (Swamp:4)
  Jorgrun (D:15)
  Rupert (Lair:6)
  Gastronok (D:9)
  Donald (Spider:2)
  A thorn hunter (Swamp:4)
  Roxanne (Swamp:3)
  Aizul (Swamp:4)
  Louise (Swamp:1)
  A very ugly thing (Swamp:3)
  2 entropy weavers (Lair:5)
  Snorg (Lair:4)
  An ettin (D:15)
  Josephine (Spider:1)
  2 fire dragons
  Harold (D:8)
  28 hydras
  4 vault guards (D:13)
  3 ghost crabs
  2 catoblepae
  2 shambling mangroves (Swamp:3)
  A queen ant (Lair:5)
  5 two-headed ogres
  8 alligators
  2 centaur warriors
  Urug (Lair:6)
  2 tengu warriors (D:15)
  4 orc high priests (Orc:2)
  A deep elf knight (D:15)
  6 spriggans
  Nergalle (Lair:2)
  6 skeletal warriors
  2 unseen horrors
  9 swamp dragons
  3 spriggan druids
  A deep troll (D:15)
  A lindwurm (Lair:6)
  A deep elf mage (D:15)
  A necromancer (IceCv)
  4 orc knights
  2 ugly things
  A wolf spider zombie (D:14)
  4 orb spiders
  2 orc sorcerers (Orc:2)
  4 wolf spiders
  2 moths of wrath
  4 cyclopes
  Maurice (D:13)
  3 black mambas
  13 elephants
  A guardian serpent (shapeshifter) (D:13)
  Joseph (D:7)
  4 ice statues
  5 torpor snails (Lair:6)
  2 gargoyles (D:15)
  5 kobold demonologists (D:15)
  2 rime drakes
  11 cane toads
  Maggie (Lair:2)
  7 demonic crawlers
  11 ice devils
  7 komodo dragons
  12 trolls
  3 meliai (D:15)
  11 jumping spiders
  12 tyrant leeches
  21 hornets
  6 dream sheep (Lair:6)
  12 blink frogs
  15 slime creatures
  11 bog bodies
  8 hippogriffs
  2 shadows
  15 redbacks
  5 wraiths
  4 wyverns
  28 yaks
  3 tarantellas
  2 basilisks
  13 vampire mosquitoes
  7 insubstantial wisps
  14 swamp worms
  An acid dragon (D:14)
  6 soldier ants (Lair:5)
  A warg (Orc:2)
  9 water moccasins
  12 porcupines
  A black bear (D:11)
  12 swamp drakes
  3 sky beasts
  26 orc warriors
  2 eyes of draining
  2 ice beasts
  2 hornet zombies
  7 phantoms
  8 ogres
  A necrophage (D:9)
  38 wolves
  15 centaurs
  11 crocodiles
  17 bullfrogs
  A big kobold (D:15)
  A gnoll sergeant (D:10)
  2 wyvern zombies
  A wyvern skeleton (D:10)
  4 scorpions
  A water moccasin skeleton (D:8)
  6 killer bees (D:8)
  2 electric eels
  3 howler monkeys
  6 crimson imps (D:14)
  A quasit (D:8)
  6 centaur zombies
  A draconian simulacrum (IceCv)
  5 hounds
  2 bullfrog zombies (D:5)
  3 jellies
  6 centaur skeletons
  21 orc priests
  3 iguanas
  34 orc wizards
  30 worker ants
  2 troll simulacra (IceCv)
  A killer bee zombie (D:10)
  4 centaur simulacra (IceCv)
  A hound skeleton (D:9)
  A mummy (D:14)
  4 worker ant zombies
  9 gnolls
  8 adders
  3 naga simulacra (IceCv)
  2 shadow imps
  4 white imps
  3 ufetubi
  3 oozes
  An adder zombie (D:8)
  An adder skeleton (D:4)
  3 worms
  4 dart slugs
  12 leopard geckos
  60 orcs
  A ball python (D:4)
  7 giant cockroaches
  13 goblins
  10 hobgoblins
  9 jackals
  4 quokkas
  11 bats
  5 frilled lizards
  6 kobolds
  2 quokka skeletons (D:7)
  A quokka zombie (D:7)
  9 rats
  A briar patch (Swamp:4)
931 creatures vanquished.

Vanquished Creatures (others)
  A hydra (Swamp:3)
  A spriggan druid (Swamp:4)
  A manticore (D:13)
  A slime creature (Swamp:4)
  A tyrant leech (Swamp:4)
  An orc (D:13)
  32 fungi
  28 plants
66 creatures vanquished.

Grand Total: 997 creatures vanquished

Notes
Turn   | Place    | Note
-------+----------+-------------------------------------------
     0 | D:1      | Arthanis the Gargoyle Berserker began the quest for the
                  | Orb.
     0 | D:1      | Reached XP level 1. HP: 14/14 MP: 1/1
   126 | D:1      | Reached XP level 2. HP: 17/19 MP: 2/2
   406 | D:1      | Reached skill level 3 in Axes
   654 | D:1      | Reached ** piety under Trog
   778 | D:1      | Reached XP level 3. HP: 22/23 MP: 3/3
  1194 | D:2      | Found a snail-covered altar of Cheibriados.
  1774 | D:2      | Reached XP level 4. HP: 29/29 MP: 4/4
  2813 | D:3      | Found a burning altar of Makhleb.
  2817 | D:3      | Found a hazy altar of Hepliaklqana.
  2817 | D:3      | Found a basalt altar of Yredelemnul.
  2843 | D:3      | Found an iron altar of Okawaru.
  3255 | D:4      | Reached *** piety under Trog
  3301 | D:4      | Found Jaysmodgh's Magic Scroll Emporium.
  3423 | D:4      | Noticed an ogre
  3424 | D:4      | Found Yvvomaq's Armour Boutique.
  3427 | D:4      | Killed an ogre
  3427 | D:4      | Reached skill level 4 in Axes
  3427 | D:4      | Reached XP level 5. HP: 31/34 MP: 5/5
  3551 | D:4      | Reached XP level 6. HP: 37/39 MP: 6/6
  3646 | D:4      | Found Duostrep's Antique Weapon Shop.
  3709 | D:4      | Bought a +0 kite shield for 58 gold pieces
  3709 | D:4      | Bought a +0 pair of gloves for 58 gold pieces
  4238 | D:5      | Entered Level 5 of the Dungeon
  4277 | D:5      | Noticed a phantom
  4329 | D:5      | Killed a phantom
  4447 | D:5      | Reached skill level 1 in Shields
  4926 | D:5      | HP: 2/40 [orc priest/+0 dagger (5)]
  4930 | D:5      | Reached skill level 5 in Axes
  5239 | D:5      | Reached skill level 5 in Fighting
  5239 | D:5      | Reached XP level 7. HP: 29/44 MP: 7/7
  5486 | D:5      | Found a staircase to the Ecumenical Temple.
  6223 | D:6      | Reached skill level 6 in Axes
  6424 | D:6      | Reached XP level 8. HP: 49/51 MP: 8/8
  6875 | D:4      | Bought a scroll of magic mapping for 45 gold pieces
  6875 | D:4      | Bought a scroll of identify for 26 gold pieces
  6875 | D:4      | Bought a scroll of remove curse for 39 gold pieces
  6875 | D:4      | Bought a scroll of identify for 26 gold pieces
  6875 | D:4      | Bought a scroll of identify for 26 gold pieces
  7154 | D:7      | Noticed a hippogriff
  7166 | D:7      | Noticed Joseph
  7172 | D:7      | Killed a hippogriff
  7172 | D:7      | Reached **** piety under Trog
  7172 | D:7      | Reached skill level 7 in Axes
  7189 | D:7      | Noticed a two-headed ogre
  7376 | D:7      | Killed a two-headed ogre
  7376 | D:7      | Reached skill level 8 in Axes
  7376 | D:7      | Reached XP level 9. HP: 58/58 MP: 3/9
  7528 | D:7      | Reached skill level 9 in Axes
  7538 | D:7      | You fall into a shaft and drop 2 floors!
  7594 | D:9      | Found a shimmering altar of Xom.
  7623 | D:9      | Noticed Gastronok
  7623 | D:9      | Noticed a troll
  7642 | D:9      | Killed a troll
  7672 | D:8      | Found a staircase to the Lair.
  7674 | D:8      | Noticed Harold
  7694 | D:8      | Killed Harold
  7694 | D:8      | Reached skill level 10 in Axes
  7694 | D:8      | Reached XP level 10. HP: 66/66 MP: 3/10
  8013 | D:7      | Found a runed translucent door.
  8013 | D:7      | Found a runed translucent door.
  8013 | D:7      | Noticed a red ugly thing
  8049 | D:7      | Killed Joseph
  8158 | D:7      | Found a shimmering altar of Xom.
  8159 | D:7      | Found a shimmering altar of Xom.
  8159 | D:7      | Found a shimmering altar of Xom.
  8159 | D:7      | Found a shimmering altar of Xom.
  8159 | D:7      | Found a shimmering altar of Xom.
  8160 | D:7      | Found a shimmering altar of Xom.
  8160 | D:7      | Found a shimmering altar of Xom.
  8697 | D:7      | Killed a red ugly thing
  8697 | D:7      | Reached skill level 11 in Axes
  8816 | D:8      | You fall into a shaft and drop 1 floor!
  8847 | D:9      | Noticed a cyclops
  8854 | D:9      | Found a staircase to the Orcish Mines.
  9199 | D:8      | Got a dazzling helmet
  9210 | D:8      | Identified the cursed +0 helmet of Modesty {MR+ Dex+4
                  | Slay+2} (You found it on level 8 of the Dungeon)
  9437 | D:9      | Reached skill level 10 in Fighting
  9549 | D:9      | Killed Gastronok
  9549 | D:9      | Reached skill level 12 in Axes
  9549 | D:9      | Reached XP level 11. HP: 73/73 MP: 3/11
  9690 | D:9      | Found an ancient bone altar of Kikubaaqudgha.
 10008 | D:9      | Killed a cyclops
 10194 | D:10     | Entered Level 10 of the Dungeon
 10210 | D:10     | Reached ***** piety under Trog
 10647 | D:10     | Noticed an orange crystal statue
 11730 | D:11     | Noticed a two-headed ogre
 11735 | D:11     | Killed a two-headed ogre
 11813 | D:11     | Noticed a four-headed hydra
 11825 | D:11     | Killed a four-headed hydra
 11825 | D:11     | Reached skill level 1 in Evocations
 12402 | D:12     | Killed an unseen horror
 12402 | D:12     | Reached skill level 13 in Axes
 12465 | D:12     | Reached skill level 5 in Armour
 12510 | D:12     | Reached XP level 12. HP: 69/80 MP: 4/12
 12935 | D:12     | Noticed a tengu warrior
 13495 | D:13     | Noticed a centaur warrior
 13496 | D:13     | Noticed Maurice
 13498 | D:13     | Noticed a two-headed ogre
 13502 | D:13     | Received a gift from Trog
 13507 | D:13     | Killed a centaur warrior
 13511 | D:13     | Killed a two-headed ogre
 13513 | D:13     | Noticed a vault guard
 13519 | D:13     | Noticed a vault guard
 13523 | D:13     | Noticed a vault guard
 13538 | D:13     | Killed a vault guard
 13557 | D:13     | Killed a vault guard
 13584 | D:13     | Killed a vault guard
 13585 | D:13     | Killed Maurice
 13653 | D:13     | Found a gate to the Vaults.
 13672 | D:13     | Noticed a vault guard
 13694 | D:13     | Killed a vault guard
 13694 | D:13     | Reached skill level 14 in Axes
 14173 | D:14     | Reached XP level 13. HP: 81/87 MP: 4/13
 15197 | D:14     | Found a glowing golden altar of the Shining One.
 15227 | D:15     | Entered Level 15 of the Dungeon
 15252 | D:15     | Reached skill level 5 in Evocations
 15382 | D:15     | Noticed Jorgrun
 15410 | D:15     | Killed Jorgrun
 15410 | D:15     | Reached skill level 15 in Axes
 15444 | D:15     | Found a frozen archway.
 15465 | IceCv    | Entered an ice cave
 15492 | IceCv    | Gained mutation: Your large and strong wings let you fly
                  | indefinitely. [Gargoyle growth]
 15492 | IceCv    | Reached XP level 14. HP: 94/94 MP: 4/14
 16371 | IceCv    | Got a pitted trident
 16374 | IceCv    | Got a jet-encrusted chain mail
 16969 | D:15     | Found a staircase to the Depths.
 17191 | D:15     | Identified the +4 trident of Triumph {flame, rElec rF+ rN++
                  | Dex-3} (You found it in an ice cave)
 17629 | Lair:1   | Entered Level 1 of the Lair of Beasts
 17740 | Lair:1   | Received a gift from Trog
 17896 | Lair:1   | Found a snail-covered altar of Cheibriados.
 18002 | Lair:1   | Reached skill level 10 in Armour
 18600 | Lair:2   | Noticed Maggie
 18611 | Lair:2   | Killed Maggie
 18694 | Lair:2   | Noticed Nergalle
 18703 | Lair:2   | Killed Nergalle
 18919 | Lair:2   | Found a staircase to the Swamp.
 19362 | Lair:3   | Received a gift from Trog
 19362 | Lair:3   | Reached skill level 16 in Axes
 20166 | Lair:4   | Reached XP level 15. HP: 94/100 MP: 15/15
 20320 | Lair:4   | Found a hole to the Spider Nest.
 20676 | Lair:4   | Noticed Snorg
 20693 | Lair:4   | Killed Snorg
 21376 | Lair:5   | Identified the cursed +0 chain mail of Egalitarianism {rF+
                  | rCorr} (You found it in an ice cave)
 22120 | Lair:6   | Entered Level 6 of the Lair of Beasts
 22124 | Lair:6   | Noticed Rupert
 22143 | Lair:6   | Killed Rupert
 22263 | Lair:6   | Received a gift from Trog
 22276 | Lair:6   | Reached skill level 17 in Axes
 22287 | Lair:6   | Noticed Urug
 22339 | Lair:6   | Reached skill level 15 in Fighting
 22350 | Lair:6   | Killed Urug
 22666 | Lair:6   | Found a staircase to the Slime Pits.
 22666 | Lair:6   | Found a viscous altar of Jiyva.
 22728 | Lair:6   | Got a pair of pitted boots
 22739 | Lair:6   | Identified the +4 pair of boots of the Centipede {rN+ MR++
                  | Dex-4 SInv} (You found it on level 6 of the Lair of Beasts)
 23071 | Lair:6   | Found a runed translucent door.
 23112 | Lair:6   | Reached XP level 16. HP: 60/108 MP: 16/16
 23788 | Orc:1    | Entered Level 1 of the Orcish Mines
 23923 | Orc:2    | Entered Level 2 of the Orcish Mines
 23984 | Orc:1    | Found a flagged portal.
 23998 | Bailey   | Entered a bailey
 24196 | Orc:1    | Reached ****** piety under Trog
 24199 | Orc:1    | Received a gift from Trog
 24517 | Orc:2    | Found a staircase to the Elven Halls.
 24614 | Orc:2    | Received a gift from Trog
 24893 | Orc:2    | Found Hiuxkaru's Magic Scroll Boutique.
 24893 | Orc:2    | Found Feeg's Antique Armour Boutique.
 24894 | Orc:2    | Found Nuoteutt's Distillery.
 24898 | Orc:2    | Found Xilitt's Distillery.
 24915 | Orc:2    | Bought a potion of lignification for 36 gold pieces
 24915 | Orc:2    | Bought a potion of haste for 120 gold pieces
 24915 | Orc:2    | Bought a potion of berserk rage for 60 gold pieces
 24915 | Orc:2    | Bought a potion of heal wounds for 60 gold pieces
 24915 | Orc:2    | Bought a potion of heal wounds for 60 gold pieces
 24915 | Orc:2    | Bought a potion of heal wounds for 60 gold pieces
 24915 | Orc:2    | Bought a potion of curing for 36 gold pieces
 24915 | Orc:2    | Bought a potion of curing for 36 gold pieces
 24917 | Orc:2    | Bought a scroll of teleportation for 42 gold pieces
 24917 | Orc:2    | Bought 2 scrolls of identify for 56 gold pieces
 24917 | Orc:2    | Bought a scroll of identify for 28 gold pieces
 24917 | Orc:2    | Bought a scroll of blinking for 105 gold pieces
 24917 | Orc:2    | Bought a scroll of teleportation for 42 gold pieces
 24919 | Orc:2    | Bought a glowing scarf for 216 gold pieces
 25544 | Swamp:1  | Entered Level 1 of the Swamp
 25957 | Swamp:1  | Noticed Louise
 25974 | Swamp:1  | Killed Louise
 26043 | Swamp:1  | Reached skill level 18 in Axes
 27191 | Swamp:3  | Reached skill level 10 in Evocations
 27371 | Swamp:3  | Identified Roxanne's Disquisition on Stones
 27371 | Swamp:3  | Noticed Roxanne
 27400 | Swamp:3  | Killed Roxanne
 28127 | Swamp:3  | Reached skill level 5 in Dodging
 28354 | Swamp:4  | Entered Level 4 of the Swamp
 28365 | Swamp:4  | Reached XP level 17. HP: 115/115 MP: 17/17
 28777 | Swamp:4  | Noticed Aizul
 28795 | Swamp:4  | Killed Aizul
 29046 | Swamp:4  | Found a hide-covered altar of Uskayaw.
 29053 | Swamp:4  | Noticed Bai Suzhen
 29078 | Swamp:4  | Killed Bai Suzhen
 29215 | Swamp:4  | Received a gift from Trog
 29461 | Swamp:4  | Got a decaying rune of Zot
 29981 | Spider:1 | Entered Level 1 of the Spider Nest
 30109 | Spider:1 | Noticed Josephine
 30120 | Spider:1 | Killed Josephine
 30224 | Spider:1 | Reached skill level 19 in Axes
 30878 | Spider:2 | Found a runed translucent door.
 30917 | Spider:2 | Noticed Donald
 30927 | Spider:2 | Killed Donald
 30939 | Spider:2 | Noticed Flugslaktarn's ghost (journeyman DDFi)
 31504 | Spider:3 | Received a gift from Trog
 31753 | Spider:3 | HP: 1/174 [wolf spider (15)]
 31753 | Spider:3 | Demolished by a wolf spider

Illustrated notes

Levels and vault maps discovered:
D:1:      lightli_arrival_statuegarden, layout_loops_corners, kennysheep_boxes
D:2:      layout_rooms, kennysheep_slug_shrine, serial_co_window_serial,
          co_window_paths_a, co_window_paths_b, co_window_of_opportunity_a,
          co_window_paths_a, co_window_corner_a, co_window_broadway_c,
          co_window_cross_3, co_window_broadway_b, co_window_paths_c,
          co_window_cross_3, co_window_corner_b, co_window_paths_e,
          glass_columns_c, glass_columns_a, glass_columns_a, glass_columns_b,
          glass_columns_b
D:3:      layout_loops_corners, okawaru_metal_pillars_1_2,
          chequers_temple_overflow_statue_of_worship
D:4:      layout_cave_pods, portal_sewer_entry_e, serial_shops, shop, shop,
          nicolae_shop_stone
D:5:      layout_loops_corners, temple_green
D:6:      layout_loops_ring
D:7:      minmay_the_grid_four_pointed_star
          [minmay_the_grid_triangle_9x9_impossible_snake,
          minmay_the_grid_triangle_9x9_thin_v,
          minmay_the_grid_triangle_9x9_longest,
          minmay_the_grid_triangle_9x9_tough_junction,
          minmay_the_grid_prize_inner_circle], layout_basic, xom_shifter_show,
          uniq_joseph
D:8:      layout_basic, lair_entry_dummy, uniq_harold
D:9:      layout_basic, kennysheep_mini, david_orc_3, lemuel_centaur_altar,
          uniq_gastronok
D:10:     minmay_separated_statues, layout_stronghold
D:11:     layout_irregular_city
D:12:     layout_small_grid, grunt_tough_drop
D:13:     layout_long_grid, lightli_vaults_fourway_checkpoint, uniq_maurice
D:14:     layout_basic, serial_undead, serial_undead_f, serial_undead_b,
          serial_undead_a, serial_undead_b, tso_altar, minmay_nine_imps
D:15:     hangedman_depths_entry_civil_slaughter, layout_gridville,
          portal_ice_cave_demonic_guard, roderic_nine_men_s_morris, uniq_jorgrun
Lair:1:   dragon1_lemuel, layout_cellular_growth, basic_altar,
          grunt_forest_large_clearings
Lair:2:   layout_layer_cave, swamp_mist_pool, uniq_nergalle, uniq_maggie
Lair:3:   layout_cave_shapes
Lair:4:   layout_cave_pods, spider_nest_entry_funnel_web, uniq_snorg
Lair:5:   layout_small_grid, minmay_another_anthill, grunt_megastairs_4
Lair:6:   wormcave, layout_regular_city, slime_altar_1, uniq_urug, uniq_rupert
Swamp:1:  layout_falls_marsh, nicolae_swamp_trees_clearing, uniq_louise
Swamp:2:  layout_basic_swamp, evilmike_swamp_ruin_house_2, swamp_pool1
Swamp:3:  layout_basic_swamp, evilmike_swamp_ruin_wall, uniq_roxanne
Swamp:4:  swamp, layout_basic_swamp, swamp_pool2, lemuel_altar_in_water,
          uniq_aizul, uniq_bai_suzhen
Spider:1: layout_spider_delve, uniq_josephine
Spider:2: layout_spider_delve, ebering_ghost_reflecting_pool, uniq_donald
Spider:3: layout_spider_delve, nicolae_spider_circle_web
Orc:1:    layout_diamond_mine, enter_bailey_5, rock_pile
Orc:2:    st_orc_mages, layout_caves, nicolae_orc_lava_room

Skill      XL: |  1  2  3  4  5  6  7  8  9 10 11 12 13 14 15 16 17 |
---------------+----------------------------------------------------+-----
Axes           | 3 4 5 6 8 10 12 13 14 15 16 17 18 19 | 19.2
Dodging        | 2 4 5 6 |  6.1
Armour         | 3 4 5 7 8 10 | 10.1
Fighting       | 4 5 7 9 10 11 12 13 14 15 16 | 16.7
Shields        | 1 3 4 |  4.0
Evocations     | 2 4 5 7 9 10 11 | 11.2

Action                   |  1- 3 |  4- 6 |  7- 9 | 10-12 | 13-15 | 16-18 || total
-------------------------+-------+-------+-------+-------+-------+-------++-------
Melee: Hand axe          |   139 |   266 |   306 |       |       |       ||   711
       War axe           |       |       |    44 |   605 |   461 |   226 ||  1336
       Spear             |       |       |       |     8 |    14 |       ||    22
       Broad axe         |       |       |       |       |   474 |   722 ||  1196
       Trident           |       |       |       |       |    41 |       ||    41
Invok: Berserk           |       |     3 |     6 |    12 |    26 |    15 ||    62
       Trog's Hand       |       |     1 |     1 |     4 |     9 |     7 ||    22
 Abil: Fly               |       |       |       |       |     1 |       ||     1
Evoke: Wand              |       |       |       |       |       |     5 ||     5
  Use: Scroll            |       |       |    14 |     6 |     8 |     5 ||    33
 Stab: Paralysed         |       |       |       |       |       |     1 ||     1
       Distracted        |       |       |       |       |       |     1 ||     1
Armor: Animal skin       |    32 |       |       |       |       |       ||    32
       Ring mail         |    28 |   108 |    95 |       |       |       ||   231
       Chain mail        |       |       |    21 |   269 |       |       ||   290
       Plate armour      |       |       |       |    28 |   598 |   677 ||  1303
Dodge: Dodged            |    91 |   108 |    75 |    73 |   168 |   289 ||   804
Block: Other             |       |    18 |       |       |       |       ||    18
       Kite shield       |       |    85 |   263 |   205 |       |       ||   553
       Reflection        |       |     1 |     3 |    56 |    16 |    28 ||   104
       Tower shield      |       |       |       |   323 |  1062 |  1092 ||  2477

Table legend: (Time is in decaauts)
 A = Elapsed time spent in this place.
 B = Non-inter-level travel time spent in this place.
 C = Inter-level travel time spent in this place.
 D = Time resting spent in this place.
 E = Time spent auto-exploring this place.
 F = Levels seen in this place.
 G = Mean time per level.
                   A        B        C        D        E       F      G
               +--------+--------+--------+--------+--------+-----+--------+
         Total |  32075 |  30420 |   1655 |    888 |  22780 |  32 | 1002.3 |
       Dungeon |  17022 |  16091 |    931 |    250 |  12139 |  15 | 1134.8 |
          Lair |   6283 |   5870 |    413 |      3 |   4855 |   6 | 1047.2 |
         Swamp |   4319 |   4118 |    201 |    268 |   3086 |   4 | 1079.8 |
   Spider Nest |   1760 |   1723 |     37 |      0 |   1411 |   3 |  586.7 |
  Orcish Mines |   1588 |   1517 |     71 |      0 |    978 |   2 |  794.0 |
        Bailey |    118 |    118 |      0 |      0 |     22 |   1 |  118.0 |
      Ice Cave |    983 |    983 |      0 |    366 |    288 |   1 |  983.0 |
               +--------+--------+--------+--------+--------+-----+--------+

Top non-repeatable levels by time:
     D:5: 1733 daAuts
     D:7: 1591 daAuts
  Lair:6: 1579 daAuts
 Swamp:3: 1478 daAuts
    D:10: 1472 daAuts
    D:15: 1306 daAuts
     D:4: 1292 daAuts
 Swamp:4: 1196 daAuts
  Lair:4: 1178 daAuts
    D:14: 1176 daAuts
  Lair:5: 1133 daAuts
     D:1: 1113 daAuts
     D:3: 1062 daAuts
     D:9: 1057 daAuts
   Orc:2: 1042 daAuts
